Map: Magannatha LE

Players

SubN

  • Race: Zerg Zerg
  • League: Platinum
  • Spawn Location: 5:00

Austin - Winner!

  • Race: Protoss Protoss
  • League: Diamond
  • Spawn Location: 11:00

VOD

Have the link to the VOD?

Description

Time

  • Played on: July 20, 2025, 1:11 p.m.
  • Length: 4:48
Show
View Real Time Build Order
Export as new Build Order

SubN Zerg 

Build Orders: Pool First 

Get SALT Encoding   

  12  0:00  Drone  
  13  0:12  Overlord  
  13  0:18  Drone  
  14  0:30  Drone x2  
  14  0:34  Drone  
  17  0:46  Spawning Pool  
  16  0:50  Drone  
  16  0:52  Extractor  
  16  0:55  Drone  
  17  1:21  Hatchery  
  16  1:36  Zergling x6  
  19  1:51  Zergling x2  
  15  2:26  Roach Warren  
  15  2:28  Queen  
  16  2:35  Drone x3  
  20  2:46  Overlord  
  20  2:47  Spine Crawler  
  19  3:07  Roach  
  19  3:12  Roach  
  23  3:13  Queen  
  25  3:20  Roach  
  27  3:27  Ravager  
  27  3:33  Roach  
  30  3:38  Overlord  
  30  3:39  Overlord  
  30  3:58  Ravager  
  31  4:05  Drone x2  
  31  4:08  Ravager  
  31  4:09  Ravager  
Show
View Real Time Build Order
Export as new Build Order

Austin Protoss - Winner!

Build Orders:  

Get SALT Encoding   

  12  0:00  Probe  
  13  0:12  Probe  
  14  0:17  Pylon  
  14  0:24  Probe  
  15  0:36  Forge  
  15  0:39  Probe  
  16  1:08  Pylon  
  16  1:11  Pylon  
  16  1:30  Photon Cannon  
  16  1:33  Gateway  
  16  1:35  Gateway  
  16  1:47  Pylon  
  16  1:56  Photon Cannon  
  16  2:00  Pylon  
  16  2:12  Photon Cannon  
  16  2:25  Photon Cannon  
  16  2:26  Zealot  
  18  2:33  Zealot  
  20  2:48  Cybernetics Core  
  20  2:57  Photon Cannon  
  20  3:04  Assimilator  
  20  3:09  Probe  
  20  3:10  Assimilator  
  21  3:23  Probe  
  21  3:25  Photon Cannon  
  21  3:31  Probe  
  22  3:39  Probe  
  23  3:44  Stalker  
  23  3:47  Probe  
  27  4:05  Shield Battery  
  27  4:10  Stalker  
  29  4:23  Shield Battery  
  25  4:36  Shield Battery  
Tags
 
Matchup
PvZ
Opening
Pool First
Replay Pack
Multiplayer
Spawn Locations
Cross Positions
Add a new tag
Caveats
  • Supply blocks, unpowered buildings, or Contaminate may cause inaccurate times.
  • Supply counts are checked every 10 seconds.